 Dungeon Crawl Stone Soup version 0.31-a0-986-g5e6e4ef867 (webtiles) character file.

Game seed: 1922367476389949182

4970 DocClef the Grappler (level 10, -3/100 HPs)
             Began as a Troll Shapeshifter on Nov 10, 2023.
             Was a Follower of Qazlal.
             Slain by a killer bee (5 damage)
             ... on level 9 of the Dungeon.
             The game lasted 00:09:00 (6150 turns).

DocClef the Grappler (Troll Shapeshifter)           Turns: 6150, Time: 00:09:01

Health: -3/100     AC:  5    Str: 28    XL:     10   Next: 28%
Magic:  9/9        EV: 11    Int:  6    God:    Qazlal [*.....]
Gold:   452        SH:  2    Dex:  9    Spells: 9/9 levels left

rFire   . .          .
                       - Unarmed
rCold   . . .        r - orb {*Rage}
rNeg    . . .        x - +0 troll leather armour
rPois   .            (helmet currently unavailable)
rElec   .            (cloak currently unavailable)
rCorr   .            (gloves unavailable)
SInv    .            (boots unavailable)
Will    .....        (no amulet)
Stlth   +            (no ring)
HPRegen 1.96/turn    (no ring)
MPRegen 0.11/turn

%: random rage (20%)
@: lethally poisoned (-3 -> -16), beast-form, on berserk cooldown, slowed, very
slow
A: beast (slay +4), large, unfitting armour, claws 3, regeneration 1, shaggy fur
1, tough skin 1
a: Begin Untransformation, Renounce Religion


You were on level 9 of the Dungeon.
You worshipped Qazlal.
Qazlal was aware of your devotion.
You were a hulking beast.
You visited 2 branches of the dungeon, and saw 10 of its levels.

You collected 492 gold pieces.
You spent 40 gold pieces at shops.

Inventory:

Missiles
 z - a curare-tipped dart
Armour
 a - a +0 animal skin
 r - an orb of wrath (worn)
 v - a +1 robe of fire resistance
 x - a +0 troll leather armour (worn)
Jewellery
 e - a ring of ice
 w - a ring of resist corrosion
 A - a ring of protection from fire
Talismans
 c - a beast talisman
 d - a flux talisman
 s - a serpent talisman
Wands
 m - a wand of iceblast (26)
 y - a wand of polymorph (5)
Scrolls
 g - a scroll of immolation
 i - 8 scrolls of identify
 j - a scroll of enchant weapon
 u - a scroll of fog
Potions
 b - a potion of lignification
 f - 6 potions of curing
 h - 2 potions of cancellation
 k - 2 potions of degeneration
 l - a potion of berserk rage {unknown}
 n - 3 potions of magic {unknown}
 o - 2 potions of brilliance {unknown}
 p - a potion of haste {unknown}
 q - 2 potions of heal wounds {unknown}
 t - 2 potions of enlightenment {unknown}


   Skills:
 + Level 6.4 Fighting
 + Level 6.5 Dodging
 + Level 8.3 Unarmed Combat
 + Level 7.6 Shapeshifting


You had 9 spell levels left.
You didn't know any spells.
Your spell library contained the following spells:

 Spells                   Type           Power      Damage    Failure   Level
 Ensorcelled Hibernation  Hex/Ice        0%         N/A       63%         2
 Passwall                 Tmut/Erth      0%         N/A       63%         2
 Sublimation of Blood     Necr           0%         N/A       63%         2
 Wereblood                Tmut           0%         N/A       63%         2
 Summon Guardian Golem    Hex/Summ       0%         N/A       86%         3
 Swiftness                Air            0%         N/A       86%         3
 Summon Forest            Summ/Tloc      0%         N/A       100%        5
 Eringya's Noxious Bog    Tmut/Pois      0%         4d6       100%        6
 Orb of Destruction       Conj           0%         9d5       100%        7
 Spellforged Servitor     Conj/Summ      0%         N/A       100%        7
 Summon Hydra             Summ           0%         N/A       100%        7


Dungeon Overview and Level Annotations

Branches:
Dungeon (9/15)             Temple (1/1) D:7
   Lair: D:8-11         Orc: D:9-12

Altars:
Cheibriados
Dithmenos
Fedhas
Hepliaklqana
Kikubaaqudgha
Makhleb
Nemelex Xobeh
Okawaru
Qazlal
Ru
Sif Muna
Trog
Uskayaw
Vehumet
Wu Jian
Xom
Yredelemnul
Zin
The Shining One

Shops:
D:3 !   D:8 [

Annotations:
D:5 3 runed translucent doors, Fodor's ghost, novice MiFi
D:7 1 runed translucent door, DocClef's ghost, novice VSSh; Jeremiah


Innate Abilities, Weirdness & Mutations

You are a hulking beast.
Your limbs bulge with bestial killing power. (Slay +4)
You are too large for most types of armour.
You have claws for hands.
Your natural rate of healing is unusually fast.
You are covered in fur. (AC +1)
You have tough skin. (AC +1)


Message History

You are more poisoned.
The killer bee poisons you! The killer bee barely misses you.
A killer bee comes into view.
The killer bee stings you.
* * * LOW HITPOINT WARNING * * *
The killer bee barely misses you. The killer bee stings you.
* * * LOW HITPOINT WARNING * * *
You are more poisoned.
The killer bee poisons you!
You mangle the queen bee!!
The queen bee is severely wounded.
You feel very sick.
You hear an angry buzzing noise. x2
The killer bee stings you.
* * * LOW HITPOINT WARNING * * *
You are more poisoned.
The killer bee poisons you! The killer bee stings you.
* * * LOW HITPOINT WARNING * * *
You are more poisoned.
The killer bee poisons you! The killer bee barely misses you.
You hear an angry buzzing noise.
You claw the queen bee!
The queen bee is almost dead.
You are no longer berserk.
You are exhausted.
You feel yourself slow down.
* * * LOW HITPOINT WARNING * * *
You feel very sick. The killer bee barely misses you.
The killer bee stings you but does no damage.
The killer bee stings you!
* * * LOW HITPOINT WARNING * * *
You are more poisoned.
The killer bee poisons you!
You closely miss the queen bee.
The queen bee is almost dead.
* * * LOW HITPOINT WARNING * * *
You feel extremely sick. The killer bee stings you.
You die... ................# ................# ..............#.# .# ........†.....# # y# ..............# yy# ..............### y!y

...............####y###.
................#.y.....
#.......##....yh#....#
##..#..###.##.yyyy..#
##.##. .......y........
# ...........#..#.!
####....#..## ##
#....#.## #....### #..##
...


You could see a queen bee and 5 killer bees.

Vanquished Creatures
  Erica (D:8)
  A troll (D:9)
  A hornet (D:9)
  A wyvern (D:9)
  A steam dragon (D:8)
  Menkaure (D:7)
  An ice beast (D:7)
  A water moccasin (D:8)
  2 orc warriors
  3 sky beasts
  2 black bears
  An ogre (D:5)
  2 centaurs
  A phantom (D:6)
  2 kobold brigands
  2 gnoll sergeants
  2 bullfrogs
  4 scorpions
  4 wights (D:8)
  12 killer bees (D:9)
  A howler monkey (D:8)
  4 jellies
  A gnoll bouda (D:8)
  3 orc priests
  4 hounds
  2 sleepcaps
  Ijyb (D:3)
  9 orc wizards
  13 gnolls
  7 adders
  2 shadow imps (D:5)
  A white imp (D:7)
  A worm (D:3)
  4 dart slugs
  35 orcs
  5 endoplasms
  2 giant cockroaches
  10 goblins
  10 hobgoblins
  12 jackals
  15 kobolds
  7 quokkas
  5 ball pythons
  7 bats
  2 frilled lizards
  3 rats
211 creatures vanquished.

Notes
Turn   | Place    | Note
-------+----------+-------------------------------------------
     0 | D:1      | DocClef the Troll Shapeshifter began the quest for the Orb.
     0 | D:1      | Reached XP level 1. HP: 18/18 MP: 0/0
    26 | D:1      | Found a faded altar of an unknown god.
    36 | D:1      | Reached skill level 1 in Fighting
    43 | D:1      | Reached XP level 2. HP: 27/27 MP: 1/1
   280 | D:1      | Reached XP level 3. HP: 33/33 MP: 2/2
  1279 | D:3      | Reached XP level 4. HP: 42/42 MP: 3/3
  1556 | D:3      | Noticed Ijyb
  1574 | D:3      | Killed Ijyb
  1575 | D:3      | Reached XP level 5. HP: 37/49 MP: 4/4
  1615 | D:3      | Found Tabyip's Distillery.
  1622 | D:3      | Bought a potion of curing for 30 gold pieces
  1622 | D:3      | Bought a potion of degeneration for 10 gold pieces
  2067 | D:4      | Reached skill level 4 in Unarmed Combat
  2234 | D:4      | Reached XP level 6. HP: 52/59 MP: 5/5
  2346 | D:5      | Entered Level 5 of the Dungeon
  2569 | D:5      | Reached XP level 7. HP: 41/67 MP: 6/6
  2621 | D:5      | Found a runed translucent gate.
  2622 | D:5      | Found a runed translucent gate.
  2622 | D:5      | Found a runed translucent gate.
  2711 | D:5      | Found a shimmering altar of Xom.
  2725 | D:5      | Reached skill level 5 in Unarmed Combat
  2897 | D:5      | Reached skill level 5 in Shapeshifting
  3033 | D:5      | Noticed Fodor's ghost (novice MiFi)
  3272 | D:6      | Reached XP level 8. HP: 69/78 MP: 7/7
  3868 | D:6      | Reached skill level 6 in Unarmed Combat
  3932 | D:7      | Noticed DocClef's ghost (novice VSSh)
  3996 | D:7      | Found a runed translucent door.
  4116 | D:7      | Noticed Menkaure
  4123 | D:7      | Killed Menkaure
  4243 | D:7      | Reached skill level 5 in Dodging
  4331 | D:7      | Found a staircase to the Ecumenical Temple.
  4387 | Temple   | Entered the Ecumenical Temple
  4392 | Temple   | Became a worshipper of Qazlal Stormbringer
  4431 | D:7      | Reached XP level 9. HP: 84/87 MP: 8/8
  4469 | D:7      | Reached skill level 5 in Fighting
  4920 | D:7      | Noticed Jeremiah
  5103 | D:8      | Noticed Erica
  5112 | D:8      | Reached skill level 7 in Unarmed Combat
  5119 | D:8      | Killed Erica
  5372 | D:8      | Found a blossoming altar of Fedhas.
  5441 | D:8      | Reached * piety under Qazlal
  5647 | D:8      | Found Sofounki's Armour Boutique.
  5823 | D:8      | Reached XP level 10. HP: 81/96 MP: 9/9
  6050 | D:9      | Reached skill level 8 in Unarmed Combat
  6150 | D:9      | HP: 2/100 [poisoned by a killer bee]
  6150 | D:9      | Slain by a killer bee

Illustrated notes

Levels and vault maps discovered:
D:1:      zaba_arrival_water, layout_basic,
          shapermc_ecumenical_altar_starsandcircs
D:2:      layout_basic
D:3:      layout_basic, serial_shops, nicolae_shop_back_alley_shop,
          minmay_misc_feat_ornament, minmay_misc_feat_more_columns,
          minmay_misc_feat_secret_circle, hangedman_glass_teeth, uniq_ijyb
D:4:      layout_cave_pools
D:5:      layout_loops_ring, old_standard_altar, gammafunk_ghost_icy
D:6:      layout_basic
D:7:      layout_loops_ring, temple_doors_e, hellmonk_ghost_happy_afterlife,
          minivault_11, uniq_menkaure, uniq_jeremiah
D:8:      layout_basic, fedhas_ov_isle_minmay, serial_shops, shop, uniq_erica
D:9:      layout_cave_pools, mainiacjoe_overflow_divided_tiny,
          david_lair_shrubbed, special_room [special_room_bee]
Temple:   sentei_temple_godly_chess

Skill      XL: |  1  2  3  4  5  6  7  8  9 10 |
---------------+-------------------------------+-----
Fighting       | 1 2 3 4 6 |  6.4
Dodging        | 2 3 4 5 6 |  6.5
Unarmed Combat | 4 5 6 7 8 |  8.3
Shapeshifting  | 4 5 6 7 |  7.6

Action                     |  1- 3 |  4- 6 |  7- 9 | 10-12 || total
---------------------------+-------+-------+-------+-------++-------
  Melee: Unarmed           |    84 |   138 |   254 |    47 ||   523
         Punch             |     2 |     2 |     7 |       ||    11
    Use: Scroll            |       |     3 |     7 |       ||    10
   Stab: Sleeping          |     2 |     1 |     1 |       ||     4
 Armour: Animal skin       |    57 |    99 |   129 |       ||   285
         Robe              |       |       |    37 |     7 ||    44
         Troll leather arm |       |       |       |    39 ||    39
  Dodge: Dodged            |    29 |    58 |   102 |    40 ||   229
  Block: Orb               |       |       |       |     1 ||     1

Table legend: (Time is in decaauts)
 A = Elapsed time spent in this place.
 B = Non-inter-level travel time spent in this place.
 C = Inter-level travel time spent in this place.
 D = Time resting spent in this place.
 E = Time spent auto-exploring this place.
 F = Levels seen in this place.
 G = Mean time per level.
                   A        B        C        D        E       F      G
               +--------+--------+--------+--------+--------+-----+--------+
         Total |   6159 |   5964 |    195 |    259 |   4437 |  10 |  615.9 |
       Dungeon |   6149 |   5957 |    192 |    259 |   4437 |   9 |  683.2 |
        Temple |      9 |      6 |      3 |      0 |      0 |   1 |    9.0 |
               +--------+--------+--------+--------+--------+-----+--------+

Top non-repeatable levels by time:
     D:8: 1034 daAuts
     D:7: 1016 daAuts
     D:2: 867 daAuts
     D:6: 837 daAuts
     D:5: 773 daAuts
     D:3: 674 daAuts
     D:4: 404 daAuts
     D:1: 386 daAuts
     D:9: 154 daAuts
  Temple: 9 daAuts
